 Dungeon Crawl Stone Soup version 0.20.1-1-g8b1a95d (webtiles) character file.

191 vineage the Ducker (level 5, -6/52 HPs)
             Began as a Troll Fighter on Aug 19, 2017.
             Mangled by Savaroth's ghost (12 damage)
             ... on level 4 of the Dungeon.
             The game lasted 00:03:36 (1925 turns).

vineage the Ducker (Troll Fighter)                  Turns: 1925, Time: 00:03:37

Health: -6/52      AC:  5    Str: 30    XL:     5   Next: 41%
Magic:  4/4        EV:  8    Int:  9    God:    Xom [..*...]
Gold:   125        SH:  9    Dex:  9    Spells: 4/4 levels left

rFire    . . .     SeeInvis .   j - +3 falchion (slice)
rCold    . . .     Gourm    +   b - +0 shield
rNeg     . . .     Faith    .   a - +0 robe
rPois    .         Spirit   .   (helmet restricted)
rElec    .         Reflect  .   (no cloak)
rCorr    .         Harm     .   (gloves unavailable)
MR       .....                  (boots unavailable)
Stlth    +.........             (no amulet)
Regen    0.6/turn               (no ring)
MPRegen  0.1/turn               (no ring)

@: mighty, brilliant, very slightly contaminated, invisible
A: unfitting armour, claws 3, fast metabolism 3, gourmand, regeneration 1,
shaggy fur 1, tough skin 2
a: Renounce Religion


You were on level 4 of the Dungeon.
You worshipped Xom.
You were a toy of Xom.
You were not hungry.

You visited 1 branch of the dungeon, and saw 4 of its levels.

You collected 125 gold pieces.

Inventory:

Hand Weapons
 j - a +3 falchion of slicing (weapon)
Armour
 a - a +0 robe (worn)
 b - a +0 shield (worn)
Jewellery
 s - an uncursed ring of ice {unknown}
Wands
 h - a wand of random effects (23/48)
Scrolls
 f - 2 scrolls of identify {unknown}
 k - 2 scrolls of remove curse {unknown}
 l - a scroll of enchant armour {unknown}
 m - a scroll of teleportation {unknown}
 n - 3 scrolls of fog {unknown}
 o - a scroll of random uselessness {unknown}
 q - 6 scrolls of amnesia {unknown}
 r - a scroll of immolation {unknown}
 t - a scroll of blinking {unknown}
Comestibles
 d - 3 bread rations
 g - 4 royal jellies


   Skills:
 + Level 2.9 Fighting
 + Level 1.6 Long Blades
 + Level 3.1 Dodging
 + Level 0.5 Stealth
 + Level 3.1 Shields
 + Level 2.9 Unarmed Combat


You had 4 spell levels left.
You didn't know any spells.

Dungeon Overview and Level Annotations

Branches:
Dungeon (4/15)
 Temple: D:4-7

Altars:
Nemelex Xobeh
Qazlal
Ru
Uskayaw
Xom

Annotations:
D:4 Savaroth's ghost, novice MiBe


Innate Abilities, Weirdness & Mutations

You are too large for most types of armour.
You have claws for hands.
Your metabolism is lightning-fast.
You like to eat raw meat.
Your natural rate of healing is unusually fast.
You are covered in fur. (AC +1)
You have very tough skin. (AC +2)


Message History

You slash Savaroth's ghost!
Savaroth's ghost is moderately damaged.
You block Savaroth's ghost's attack.
You hit Savaroth's ghost.
Savaroth's ghost is moderately damaged.
Savaroth's ghost hits you!
* * * LOW HITPOINT WARNING * * *
You slash Savaroth's ghost!
Savaroth's ghost is heavily damaged.
Savaroth's ghost hits you!
* * * LOW HITPOINT WARNING * * *
You block Savaroth's ghost's attack.
It was a potion of brilliance.
You feel clever all of a sudden. You block Savaroth's ghost's attack.
It was a potion of magic.
Magic courses through your body.
Xom thinks this is hilarious!
Savaroth's ghost hits you!
You die...
Xom howls with laughter!

.## .. ...#
...# #..#####
..#. ....=.#
#### ...
#.#.#.# ...
##..#.#.#.##.#
#...#........#
#..........#.#
#.#.#<)....@.#
#).#....W.?....
#..#.#.#####..#
#..#.#.# #
.[.###.. ###.#
###. #.. .. ###


You could see Savaroth's ghost.

Vanquished Creatures
  An orc wizard (D:4)
  Jessica (D:2)
  Terence (D:2)
  A gnoll (D:1)
  An adder (D:2)
  An ooze (D:2)
  2 worms
  3 dart slugs
  5 leopard geckos
  7 orcs
  2 giant cockroaches (D:2)
  9 goblins
  6 hobgoblins
  4 jackals (D:3)
  5 kobolds
  A quokka (D:3)
  A ball python (D:2)
  6 bats
  8 rats
65 creatures vanquished.

Notes
Turn   | Place    | Note
-------+----------+-------------------------------------------
     0 | D:1      | vineage the Troll Fighter began the quest for the Orb.
     0 | D:1      | Reached XP level 1. HP: 22/22 MP: 0/0
    64 | D:1      | Reached XP level 2. HP: 28/29 MP: 1/1
   251 | D:1      | Reached XP level 3. HP: 35/36 MP: 2/2
   609 | D:2      | Noticed Terence
   621 | D:2      | Killed Terence
   621 | D:2      | Reached XP level 4. HP: 22/44 MP: 3/3
   682 | D:2      | Found a hide-covered altar of Uskayaw.
   775 | D:2      | Found a shimmering altar of Xom.
   783 | D:2      | Became a worshipper of Xom of Ineffable Intent
   787 | D:2      | Found a stormy altar of Qazlal.
   787 | D:2      | Found a sacrificial altar of Ru.
  1070 | D:2      | Noticed Jessica
  1077 | D:2      | Killed Jessica
  1205 | D:2      | XOM: divination: magic mapping
  1280 | D:2      | Found a sparkling altar of Nemelex Xobeh.
  1610 | D:3      | Reached XP level 5. HP: 52/52 MP: 4/4
  1620 | D:3      | Reached skill level 1 in Long Blades
  1761 | D:3      | XOM: harmless Tloc miscast
  1904 | D:4      | XOM: potion effect (invisibility)
  1913 | D:4      | Noticed Savaroth's ghost (novice MiBe)
  1918 | D:4      | HP: 1/52 [Savaroth's ghost (8)]
  1925 | D:4      | Mangled by Savaroth's ghost

Skill      XL: |  1  2  3  4  5 |
---------------+----------------+-----
Dodging        | 3 |  3.1
Shields        | 3 |  3.1
Long Blades    | 1 |  1.6
Fighting       | |  2.9
Stealth        | |  0.5
Unarmed Combat | |  2.9

Action                   |  1- 3 |  4- 6 || total
-------------------------+-------+-------++-------
Melee: Unarmed           |    85 |     1 ||    86
       Falchion          |       |   112 ||   112
  Use: Potion            |       |     4 ||     4
  Eat: Chunk             |     3 |    12 ||    15
Armor: Robe              |    35 |    45 ||    80
Dodge: Dodged            |    33 |    39 ||    72
Block: Shield            |    42 |    61 ||   103
       Rpst.: Falchion   |       |    10 ||    10
